 Dungeon Crawl Stone Soup version 0.28.0-43-g3370ac3207 (webtiles) character file.

Game seed: 9867084438451929130

30053 experimilk the Grappler (level 13, -3/131 HPs)
             Began as a Troll Monk on Mar 4, 2022.
             Was the Champion of Zin.
             Slain by a komodo dragon (27 damage)
             ... on level 5 of the Lair of Beasts on Mar 5, 2022.
             The game lasted 00:41:57 (14451 turns).

experimilk the Grappler (Troll Monk)               Turns: 14451, Time: 00:42:00

Health: -3/131     AC: 12    Str: 28    XL:     13   Next: 18%
Magic:  14/16      EV: 16    Int:  8    God:    Zin [******]
Gold:   922        SH:  0    Dex: 20    Spells: 12/12 levels left

rFire   . . .      SeeInvis .     - Unarmed
rCold   . . .      Faith    .   (no shield)
rNeg    . . .      Spirit   .   w - +0 steam dragon scales
rPois   ∞          Reflect  .   (helmet restricted)
rElec   .          Harm     .   B - +0 cloak
rCorr   .          Rampage  .   (gloves unavailable)
Will    .....                   (boots unavailable)
Stlth   ++........              (no amulet)
HPRegen 1.11/turn               c - +6 ring of dexterity
MPRegen 0.15/turn               u - +4 ring of protection

@: vitalised
A: large, unfitting armour, claws 3, regeneration 1, shaggy fur 1, tough skin 1
a: Renounce Religion, Recite, Vitalisation, Imprison, Sanctuary, Donate Gold


You were on level 5 of the Lair of Beasts.
You worshipped Zin.
Zin was exalted by your worship.
You visited 2 branches of the dungeon, and saw 14 of its levels.
You also visited: Sewer.

You collected 1024 gold pieces.
You donated 102 gold pieces to Zin.

Inventory:

Hand Weapons
 J - a +3 scimitar of flaming
Missiles
 y - a throwing net (quivered)
Armour
 a - a +1 robe
 i - a +0 animal skin
 w - +0 steam dragon scales (worn)
 B - a +0 cloak (worn)
Jewellery
 c - a +6 ring of dexterity (left claw)
 g - a ring of positive energy
 m - a ring of ice
 n - a ring of resist corrosion
 s - a ring of positive energy
 u - a +4 ring of protection (right claw)
 I - a ring of ice
 M - a ring of poison resistance
Wands
 l - a wand of paralysis (4)
 p - a wand of mindburst (17)
 x - a wand of digging (10)
 G - a wand of flame (25)
Scrolls
 b - 10 scrolls of teleportation
 f - 4 scrolls of enchant armour
 o - a scroll of fear
 q - 2 scrolls of fog
 v - a scroll of summoning
 A - 2 scrolls of blinking
 D - 2 scrolls of amnesia
 E - a scroll of magic mapping
Potions
 d - 4 potions of magic
 e - 4 potions of curing
 h - 4 potions of haste
 j - 2 potions of heal wounds
 k - 4 potions of invisibility
 r - 2 potions of cancellation {unknown}
 t - 4 potions of brilliance
 z - 3 potions of flight
 F - 2 potions of berserk rage
 K - 7 potions of ambrosia
 L - a potion of might


   Skills:
 + Level 9.3 Fighting
 + Level 10.3 Dodging
 - Level 1.0 Stealth
 * Level 14.6 Unarmed Combat
 + Level 6.6 Invocations
 - Level 2.0 Evocations


You had 12 spell levels left.
You didn't know any spells.
Your spell library contained the following spells:

 Spells                   Type           Power      Damage    Failure   Level
 Apportation              Tloc           0%         N/A       41%         1
 Foxfire                  Conj/Fire      0%         2x1d4     41%         1
 Static Discharge         Conj/Air       0%         N/A       54%         2
 Sublimation of Blood     Necr           0%         N/A       54%         2
 Conjure Flame            Conj/Fire      0%         6-21      78%         3
 Inner Flame              Hex/Fire       0%         N/A       78%         3
 Portal Projectile        Hex/Tloc       0%         N/A       78%         3
 Flame Wave               Conj/Fire      0%         2d4       99%         4
 Fulminant Prism          Conj/Hex       0%         3d6       99%         4
 Iskenderun's Mystic Bla  Conj/Tloc      0%         2d3       99%         4
 Passage of Golubria      Tloc           0%         N/A       99%         4
 Petrify                  Tmut/Erth      0%         N/A       99%         4
 Summon Ice Beast         Ice/Summ       0%         N/A       99%         4
 Alistair's Intoxication  Tmut/Pois      0%         N/A       100%        5
 Blade Hands              Tmut           0%         N/A       100%        5
 Excruciating Wounds      Necr           0%         N/A       100%        5
 Irradiate                Conj/Tmut      0%         3d13      100%        5
 Lee's Rapid Deconstruct  Erth           0%         3d5*      100%        5
 Lightning Bolt           Conj/Air       0%         1d11      100%        5
 Silence                  Hex/Air        0%         N/A       100%        5
 Summon Forest            Summ/Tloc      0%         N/A       100%        5
 Summon Mana Viper        Hex/Summ       0%         N/A       100%        5
 Summon Cactus Giant      Summ           0%         N/A       100%        6
 Monstrous Menagerie      Summ           0%         N/A       100%        7
 Lehudib's Crystal Spear  Conj/Erth      0%         10d2      100%        8
 Maxwell's Capacitive Co  Air            0%         ∞         100%        8


Dungeon Overview and Level Annotations

Branches:
Dungeon (9/15)             Temple (0/1) D:7            Lair (5/6) D:8
 Shoals (0/4) Lair:2        Snake (0/4) Lair:2        Slime (0/5) Lair:5
    Orc (0/2) D:9           Sewer (visited)

Altars:
Ashenzari
Cheibriados
Gozag
Zin

Shops:
D:5 *

Annotations:
D:3 1 runed translucent door, Crazy Yiuf
D:7 4 runed translucent doors
Lair:1 2 transporters


Innate Abilities, Weirdness & Mutations

You are too large for most types of armour.
You have claws for hands.
Your natural rate of healing is unusually fast.
You are covered in fur. (AC +1)
You have tough skin. (AC +1)


Message History

The komodo dragon completely misses you.
The yak closely misses you.
The komodo dragon hisses angrily.
You scratch the komodo dragon but do no damage.
The komodo dragon is lightly wounded.
The komodo dragon barely misses you. The yak closely misses you.
Zin grants you divine stamina. The komodo dragon bites you. The yak gores you!
You barely miss the komodo dragon.
The komodo dragon is lightly wounded.
The komodo dragon bites you!
You are too injured to fight recklessly!
You are too injured to fight recklessly!
You are too injured to fight recklessly!
You are too injured to fight recklessly!
You are too injured to fight recklessly!
You are too injured to fight recklessly!
You are too injured to fight recklessly!
You are too injured to fight recklessly!
You scratch the komodo dragon but do no damage.
Your claw misses the komodo dragon.
The komodo dragon is lightly wounded.
The yak gores you but does no damage.
You claw the komodo dragon! x2
The komodo dragon is severely wounded.
The komodo dragon bites you! The yak gores you but does no damage.
You barely miss the komodo dragon.
The komodo dragon is severely wounded.
The komodo dragon hisses menacingly.
The komodo dragon misses you.
You closely miss the komodo dragon. You claw the komodo dragon.
The komodo dragon is severely wounded.
The yak gores you.
You claw the komodo dragon!
You claw the komodo dragon, but do no damage.
The komodo dragon is almost dead.
The komodo dragon bites you!!
* * * LOW HITPOINT WARNING * * *
The yak closely misses you. The komodo dragon bites you!!
You die...

#....>### #.... #. .........
..... .### #........####....
#..P .........##.... #..# .
..#.......#### ### ##..# #.
#.#.P...#.#.####.###...#
#.##........#....#...##...#
#.##..##....l................#
#..........†l@.#....†.........
#.#..#...##Y...#............#
#.....###........P.##....##
#..l....## ####.##..#.##...##
#........ ####..####...#
#........ #...# #P..# #
....P....P #..... #P..#..
####...... ........ .......
##(.P... ................


You could see 2 komodo dragons and a yak.

Vanquished Creatures
  Harold (D:8)
  3 hydras
  2 boulder beetles
  Erica (Lair:2)
  2 death yaks
  A wizard (D:9)
  A manticore (Lair:2)
  11 elephants
  3 black mambas (Lair:3)
  A torpor snail (Lair:5)
  7 cane toads
  7 komodo dragons
  2 polar bears
  A wind drake (Lair:2)
  2 trolls
  A queen bee (Lair:2)
  6 wyverns
  Eustachio (D:4)
  2 basilisks
  29 yaks
  4 steam dragons
  An acid dragon (D:9)
  7 water moccasins
  Duvessa (D:4)
  2 ice beasts (D:6)
  A black bear (D:7)
  3 sky beasts
  5 ogres
  2 orc warriors
  13 wolves
  2 centaurs
  11 bullfrogs
  2 kobold brigands
  Blork the orc (D:6)
  4 scorpions
  A wyvern skeleton (D:6)
  34 killer bees
  A water moccasin skeleton (D:5)
  Dowan (D:4)
  3 wights (D:8)
  4 centaur zombies
  10 hounds
  A bullfrog zombie (D:7)
  A jelly (D:5)
  2 centaur skeletons (D:5)
  2 gnoll shamans
  3 orc priests
  7 iguanas
  Jessica (D:3)
  Ijyb (D:3)
  Natasha (thrice) (D:3)
  7 orc wizards
  2 killer bee zombies
  A hound skeleton (D:4)
  Robin (D:2)
  3 howler monkey zombies
  13 gnolls
  4 river rats (Sewer)
  8 adders
  A shadow imp (D:5)
  2 worms (D:3)
  3 dart slugs
  32 orcs
  10 endoplasms
  5 giant cockroaches
  15 goblins
  8 hobgoblins
  4 quokkas
  6 ball pythons
  7 bats
  2 frilled lizards
  27 kobolds
  17 rats
396 creatures vanquished.

Vanquished Creatures (others)
  15 fungi
  45 plants
60 creatures vanquished.

Grand Total: 456 creatures vanquished

Notes
Turn   | Place    | Note
-------+----------+-------------------------------------------
     0 | D:1      | experimilk the Troll Monk began the quest for the Orb.
     0 | D:1      | Reached XP level 1. HP: 22/22 MP: 0/0
   104 | D:1      | Found a faded altar of an unknown god.
   216 | D:1      | Reached XP level 2. HP: 29/29 MP: 1/1
   686 | D:2      | Noticed Robin
   720 | D:1      | Reached skill level 4 in Unarmed Combat
   852 | D:1      | Reached XP level 3. HP: 35/36 MP: 2/2
   999 | D:2      | Killed Robin
  1248 | D:2      | Reached skill level 5 in Unarmed Combat
  1248 | D:2      | Reached XP level 4. HP: 44/44 MP: 3/3
  1721 | D:3      | Noticed a scorpion
  1725 | D:3      | Killed a scorpion
  1726 | D:3      | Reached XP level 5. HP: 49/50 MP: 4/4
  1791 | D:3      | Found a glowing drain.
  1796 | Sewer    | Entered a sewer
  2468 | D:3      | Reached skill level 6 in Unarmed Combat
  2479 | D:3      | Noticed Natasha
  2483 | D:3      | Killed Natasha
  2484 | D:3      | Reached XP level 6. HP: 55/61 MP: 5/5
  2532 | D:3      | Noticed Natasha
  2545 | D:3      | Killed Natasha
  2731 | D:3      | Noticed Jessica
  2737 | D:3      | Killed Jessica
  2800 | D:3      | Noticed Ijyb
  2808 | D:3      | Paralysed by Ijyb for 3 turns
  2812 | D:3      | Killed Ijyb
  3068 | D:3      | Noticed Natasha
  3076 | D:3      | Killed Natasha
  3209 | D:3      | Found a runed translucent door.
  3210 | D:3      | Noticed Crazy Yiuf
  3470 | D:4      | Noticed Duvessa
  3470 | D:4      | Noticed Dowan
  3494 | D:4      | Noticed Eustachio
  3574 | D:4      | Reached skill level 7 in Unarmed Combat
  3574 | D:4      | Reached XP level 7. HP: 67/67 MP: 6/6
  3693 | D:4      | Killed Eustachio
  3824 | D:4      | Killed Duvessa
  3835 | D:4      | Killed Dowan
  3929 | D:4      | Reached skill level 8 in Unarmed Combat
  3929 | D:4      | Reached XP level 8. HP: 78/78 MP: 7/7
  4143 | D:5      | Entered Level 5 of the Dungeon
  4267 | D:5      | Reached skill level 5 in Dodging
  4454 | D:5      | Noticed a troll
  4460 | D:5      | Killed a troll
  4461 | D:5      | Reached skill level 9 in Unarmed Combat
  4648 | D:5      | Found Ykadudes's Fire Supplies.
  4814 | D:5      | Reached skill level 5 in Fighting
  4814 | D:5      | Reached XP level 9. HP: 86/88 MP: 8/8
  4902 | D:5      | Found a glowing silver altar of Zin.
  5226 | D:5      | Became a worshipper of Zin the Law-Giver
  5226 | D:5      | Reached * piety under Zin
  5226 | D:5      | Reached ** piety under Zin
  5226 | D:5      | Reached *** piety under Zin
  5383 | D:6      | Reached skill level 1 in Invocations
  5584 | D:6      | Reached **** piety under Zin
  5627 | D:6      | Noticed Blork the orc
  5672 | D:6      | Killed Blork the orc
  6155 | D:7      | Found a huge runed translucent gate.
  6155 | D:7      | Found a huge runed translucent gate.
  6155 | D:7      | Found a huge runed translucent gate.
  6156 | D:7      | Noticed a polar bear
  6156 | D:7      | Noticed a polar bear
  6157 | D:7      | Noticed a polar bear
  6157 | D:7      | Noticed a polar bear
  6157 | D:7      | Found a huge runed translucent gate.
  6208 | D:7      | Reached skill level 10 in Unarmed Combat
  6416 | D:7      | Found a snail-covered altar of Cheibriados.
  6552 | D:7      | Reached XP level 10. HP: 98/98 MP: 10/12
  6949 | D:7      | Found a staircase to the Ecumenical Temple.
  7028 | D:7      | Found an opulent altar of Gozag.
  7028 | D:7      | Found a broken altar of Ashenzari.
  7673 | D:8      | Found a staircase to the Lair.
  7832 | D:8      | Noticed Harold
  7841 | D:8      | Killed Harold
  7842 | D:8      | Reached skill level 11 in Unarmed Combat
  7851 | D:8      | Noticed a boulder beetle
  8110 | D:8      | Reached ***** piety under Zin
  8582 | D:9      | Reached skill level 12 in Unarmed Combat
  8582 | D:9      | Reached XP level 11. HP: 107/107 MP: 13/13
  8784 | D:9      | Found a staircase to the Orcish Mines.
  9032 | D:9      | Noticed a wizard
  9038 | D:9      | Killed a wizard
  9289 | Lair:1   | Entered Level 1 of the Lair of Beasts
  9451 | Lair:1   | Noticed a death yak
  9452 | Lair:1   | Noticed a death yak
  9452 | Lair:1   | Noticed a death yak
  9452 | Lair:1   | Noticed a death yak
  9489 | Lair:1   | Killed a death yak
  9633 | Lair:1   | Found the +8 Vampire's Tooth {vamp}
  9715 | Lair:1   | Reached skill level 5 in Invocations
  9827 | Lair:1   | Found a transporter.
  9856 | Lair:1   | Found a transporter.
 10194 | Lair:2   | Reached skill level 13 in Unarmed Combat
 10244 | Lair:2   | Noticed a five-headed hydra
 10546 | Lair:2   | Noticed a boulder beetle
 10584 | Lair:2   | Killed a boulder beetle
 10711 | Lair:2   | Found a staircase to the Snake Pit.
 10747 | Lair:2   | Reached XP level 12. HP: 108/119 MP: 15/15
 10948 | Lair:2   | Found a staircase to the Shoals.
 11131 | Lair:2   | Noticed Erica
 11142 | Lair:2   | Killed Erica
 11279 | Lair:2   | Killed a two-headed hydra
 11750 | Lair:3   | Noticed a boulder beetle
 11769 | Lair:3   | Reached skill level 14 in Unarmed Combat
 11784 | Lair:3   | Killed a boulder beetle
 13096 | Lair:4   | Noticed a five-headed hydra
 13106 | Lair:4   | Killed a one-headed hydra
 13170 | Lair:4   | Reached skill level 10 in Dodging
 13672 | Lair:4   | Reached ****** piety under Zin
 13799 | Lair:4   | Reached skill level 1 in Evocations
 14103 | Lair:5   | Noticed a death yak
 14110 | Lair:4   | Killed a death yak
 14130 | Lair:5   | Reached XP level 13. HP: 120/131 MP: 16/16
 14308 | Lair:5   | Found a staircase to the Slime Pits.
 14451 | Lair:5   | Slain by a komodo dragon

Illustrated notes

Levels and vault maps discovered:
D:1:      lemuel_arrival_lava_pool, layout_basic,
          hellmonk_ecumenical_altar_pennies_from_heaven
D:2:      layout_basic, uniq_robin
D:3:      kennysheep_six_static_rooms, layout_loops_ring, portal_sewer_entry_e,
          uniq_jessica, uniq_natasha, uniq_ijyb, uniq_crazy_yiuf_cottage
D:4:      layout_rooms, minmay_misc_feat_room, uniq_duvessa, uniq_eustachio
D:5:      layout_loops_ring, zin_academy, minmay_tree_intersection,
          nicolae_shop_fire_sale [nicolae_sub_dead_trees],
          hangedman_minor_gate_pass
D:6:      layout_rooms, uniq_blork_the_orc
D:7:      lemuel_bear_cage, layout_basic, nicolae_overflow_crystal_walls,
          gammafunk_temple_overflow_wave, minmay_temple_entry_offerings
D:8:      layout_loops_ring, erik_lair_island, uniq_harold
D:9:      layout_roguey, david_orc_2, minmay_librarian
Lair:1:   gammafunk_cloud_chamber, layout_regular_city,
          nicolae_lair_grazing_beasts [nicolae_sub_lair_graze_edge,
          nicolae_sub_lair_graze_edge, nicolae_sub_lair_graze_edge,
          nicolae_sub_lair_graze_edge]
Lair:2:   layout_long_grid, minmay_shoals_entry_beasts, dummy_snake_entry,
          special_room [special_room_bee], uniq_erica
Lair:3:   layout_layer_cave
Lair:4:   layout_hall_layers
Lair:5:   layout_concentric_octagons, slime_dummy, special_room
          [special_room_mythical_zoo], beast_lair_carwin_10, grunt_megastairs_1

Skill      XL: |  1  2  3  4  5  6  7  8  9 10 11 12 13 |
---------------+----------------------------------------+-----
Unarmed Combat | 4 5 6 7 8 9 10 12 13 14 | 14.6
Dodging        | 3 4 5 6 7 8 10 | 10.3
Fighting       | 3 5 6 7 9 |  9.3
Invocations    | 4 5 6 |  6.6
Evocations     | 1 2 |  2.0
Stealth        | |  1.0

Action                   |  1- 3 |  4- 6 |  7- 9 | 10-12 | 13-15 || total
-------------------------+-------+-------+-------+-------+-------++-------
Melee: Unarmed           |   102 |   190 |   247 |   580 |    67 ||  1186
       Punch             |     1 |     6 |    17 |    56 |     9 ||    89
       Scimitar          |       |       |       |     9 |     7 ||    16
Invok: Recite            |       |       |     1 |     2 |       ||     3
       Vitalisation      |       |       |       |    11 |     1 ||    12
       Imprison          |       |       |       |     1 |       ||     1
Evoke: Wand              |       |       |       |     8 |       ||     8
  Use: Scroll            |     4 |     5 |     6 |    11 |     1 ||    27
       Potion            |       |       |     1 |     3 |       ||     4
 Stab: Sleeping          |     1 |     2 |     8 |     4 |       ||    15
       Invisible         |       |       |       |     3 |       ||     3
       Paralysed         |       |       |       |     1 |       ||     1
Armor: Robe              |    51 |    55 |       |       |       ||   106
       Animal skin       |       |    14 |    32 |     1 |       ||    47
       Steam dragon scal |       |       |       |   230 |    36 ||   266
Dodge: Dodged            |    59 |   121 |   132 |   538 |    58 ||   908
